 Dungeon Crawl Stone Soup version 0.27-a0-869-g165b36e3f0 (webtiles) character file.

Game seed: 9014089223626891718

3 rageheart7 the Sneak (level 1, 0/11 HPs)
             Began as a Spriggan Delver on Apr 2, 2021.
             Succumbed to kobold brigand's curare-tipped dart
             ... on level 7 of the Dungeon.
             The game lasted 00:00:58 (82 turns).

rageheart7 the Sneak (Spriggan Delver)                Turns: 82, Time: 00:00:58

Health: 0/11       AC:  2    Str:  8    XL:     1   Next: 41%
Magic:  2/2        EV: 17    Int: 11    God:
Gold:   0          SH:  0    Dex: 16    Spells: 0/0 levels left

rFire    . . .     SeeInvis +   a - +0 short sword
rCold    . . .     Faith    .   (shield restricted)
rNeg     . . .     Spirit   .   b - +0 robe
rPois    .         Reflect  .   (helmet restricted)
rElec    .         Harm     .   (no cloak)
rCorr    .         Rampage  .   (gloves unavailable)
Will     .....                  (boots unavailable)
Stlth    ++++......             (no amulet)
HPRegen  0.03/turn              (no ring)
MPRegen  0.08/turn              (no ring)

@: lethally poisoned (0 -> -16), slowed, quick
A: very small, no large weapons, unfitting armour, see invisible, speed 3
a: no special abilities


You were on level 7 of the Dungeon.
You visited 1 branch of the dungeon, and saw 2 of its levels.

Inventory:

Hand Weapons
 a - a +0 short sword (weapon)
Armour
 b - a +0 robe (worn)
Wands
 g - a wand of digging (3)
Scrolls
 c - a scroll of fog
 d - a scroll of magic mapping
 e - a scroll of fear
Potions
 f - a potion of haste


   Skills:
 * Level 2.4 Fighting
 * Level 2.3 Short Blades
 - Level 2.6 Dodging
 * Level 7.3 Stealth


You couldn't memorise any spells.
You didn't know any spells.
Your spell library was empty.

Dungeon Overview and Level Annotations

Branches:
Dungeon (5/15)
 Temple: D:4-7

Altars:


Innate Abilities, Weirdness & Mutations

You are very small and have problems with some larger weapons.
You are too small for most types of armour.
You have supernaturally acute eyesight. (SInv)
You cover ground extremely quickly. (Speed+++)


Message History

You fall into a shaft and drop 2 floors!
The shaft crumbles and collapses. 4 kobolds come into view.
A kobold is wielding a +0 dagger and quivering poisoned darts.
A kobold and a kobold brigand come into view.
The kobold brigand is wielding a +0 dagger and quivering curare-tipped darts.
The kobold is wielding a +0 dagger of speed.
The helpless kobold fails to defend itself.
You impale the kobold!!
You kill the kobold! 2 kobolds come into view.
Things that are here:
a +0 short sword; 2 stones The helpless kobold fails to defend itself.
You impale the kobold!!
You kill the kobold!
The helpless kobold fails to defend itself.
You impale the kobold!!
You kill the kobold!
The kobold shouts! x3; The kobold brigand shouts!
You hear a shout!
A gnoll comes into view. It is wielding a +4 whip.
You hear a shout!
You hear a loud, deep croak!
The kobold throws a poisoned dart.
The poisoned dart barely misses you.
The kobold brigand throws a curare-tipped dart.
The curare-tipped dart closely misses you.
A water moccasin comes into view.
The water moccasin hisses angrily.
Found a stone staircase leading down.
A hound comes into view.
The hound barks!
The kobold brigand shouts!
The kobold brigand throws a curare-tipped dart.
The curare-tipped dart hits you.
You are lethally poisoned!
You have difficulty breathing.
You feel yourself slow down.
You feel very sick.
A gnoll comes into view. It is wielding a +0 halberd.
* * * LOW HITPOINT WARNING * * *
You feel sick.
A gnoll comes into view. It is wielding a +0 flail.
You die...

#.# #...#K#.#
....#.#.#)).#.#.
.................
#.............#.#
#######.####### ..
########.#
....###....g.#g#.####
>.............g.......
....###.@....#.#.#####
#.....#.######.#.#
.....K....# #.# #
#.#.###.#.# #.# #.#.#
#.# #.#.# #.# #.#.# .#
#.#.# #.#.####


You could see a kobold brigand and 3 gnolls.

Vanquished Creatures
  3 kobolds (D:7)
3 creatures vanquished.

Notes
Turn   | Place    | Note
-------+----------+-------------------------------------------
     0 | D:5      | rageheart7 the Spriggan Delver began the quest for the Orb.
     0 | D:5      | Reached XP level 1. HP: 11/11 MP: 2/2
    34 | D:5      | Noticed a black bear
    34 | D:5      | You fall into a shaft and drop 2 floors!
    36 | D:7      | Noticed a kobold brigand
    51 | D:7      | Noticed a water moccasin
    57 | D:7      | Noticed a hound
    82 | D:7      | Succumbed to kobold brigand's curare-tipped dart

Illustrated notes

Levels and vault maps discovered:
D:5:      layout_cave_pods, minmay_tree_intersection, uniq_grinder
D:7:      layout_basic, minmay_temple_entry_slanted

Action                   || total
-------------------------++-------
Melee: Short sword       ||     3
 Stab: Sleeping          ||     3
Dodge: Dodged            ||     2

Table legend: (Time is in decaauts)
 A = Elapsed time spent in this place.
 B = Non-inter-level travel time spent in this place.
 C = Inter-level travel time spent in this place.
 D = Time resting spent in this place.
 E = Time spent auto-exploring this place.
 F = Levels seen in this place.
 G = Mean time per level.
                   A        B        C        D        E       F      G
               +--------+--------+--------+--------+--------+-----+--------+
         Total |     50 |     50 |      0 |      0 |     19 |   2 |   25.0 |
       Dungeon |     50 |     50 |      0 |      0 |     19 |   2 |   25.0 |
               +--------+--------+--------+--------+--------+-----+--------+

Top non-repeatable levels by time:
     D:7: 30 daAuts
     D:5: 20 daAuts
